 Dungeon Crawl Stone Soup version 0.30-a0-4-ga7cffc901d (webtiles) character file.

Game seed: 12530631687758466650

11249 Armakuni the Destroyer (level 12, -1/74 HPs)
             Began as a Human Wanderer on Aug 20, 2022.
             Was a Priest of Elyvilon.
             Slain by a komodo dragon (25 damage)
             ... on level 2 of the Lair of Beasts on Aug 21, 2022.
             The game lasted 00:29:42 (11130 turns).

Armakuni the Destroyer (Human Wanderer)            Turns: 11130, Time: 00:29:43

Health: -1/74      AC: 15    Str: 10    XL:     12   Next: 5%
Magic:  14/26      EV:  9    Int: 18    God:    Elyvilon [***...]
Gold:   580        SH:  0    Dex: 19    Spells: 21/31 levels left

rFire   . . .      SeeInvis +    a - +6 war axe of Fortitude {speed, Dex+6}
rCold   . . .      Faith    .    (no shield)
rNeg    + + +      Spirit   .    q - +5 ring mail of Porudaeq {Str+2}
rPois   .          Reflect  .    G - +0 helmet
rElec   .          Harm     +    C - scarf {harm}
rCorr   .          Rampage  .    s - +3 pair of gauntlets of War {Slay+5}
Will    +....                    z - -1 pair of boots of Focus {Drain rN+++ Will+ Str-4}
Stlth   +.........               (no amulet)
HPRegen 0.22/turn                I - ring of see invisible
MPRegen 0.20/turn                S - +4 ring of slaying

@: no status effects
A: no striking features
a: Renounce Religion, Purification, Heal Other, Heal Self


You were on level 2 of the Lair of Beasts.
You worshipped Elyvilon.
Elyvilon was most pleased with you.
You visited 3 branches of the dungeon, and saw 11 of its levels.

You collected 580 gold pieces.

Inventory:

Hand Weapons
 a - the +6 war axe of Fortitude (weapon) {speed, Dex+6}
   (You found it on level 2 of the Lair of Beasts)

   Attacks with this weapon are significantly faster.
   Dex:       It affects your dexterity (+6).
 b - a +2 flail of protection
Missiles
 l - 13 boomerangs
 A - 5 throwing nets
Armour
 q - the +5 ring mail of Porudaeq (worn) {Str+2}
   (You found it on level 3 of the Dungeon)

   Str:       It affects your strength (+2).
 s - the +3 pair of gauntlets of War (worn) {Slay+5}
   (You acquired it on level 5 of the Dungeon)

   Slay:      It affects your accuracy & damage with ranged weapons and melee
   (+5).
 z - the -1 pair of boots of Focus (worn) {Drain rN+++ Will+ Str-4}
   (You acquired it on level 5 of the Dungeon)

   Str:       It affects your strength (-4).
   rN:        It renders you almost immune to negative energy.
   Drain:     It drains your maximum health when unequipped.
   Will:      It increases your willpower.
 C - a scarf of harm (worn)
 G - a +0 helmet (worn)
 L - the +4 scale mail "Xemur" {rCorr}
   (You found it on level 1 of the Lair of Beasts)

   rCorr:     It protects you from acid and corrosion.
Magical Staves
 x - a staff of poison
Jewellery
 F - a ring of fire
 I - a ring of see invisible (left hand)
 J - a ring of flight
 S - a +4 ring of slaying (right hand)
Wands
 p - a wand of polymorph (14)
 v - a wand of flame (27)
 B - a wand of roots (23)
Scrolls
 n - 3 scrolls of fear
 t - 2 scrolls of immolation
 u - 8 scrolls of teleportation
 w - 2 scrolls of enchant weapon
 y - a scroll of butterflies
 D - 2 scrolls of silence
 E - a scroll of poison
Potions
 c - a potion of flight {unknown}
 d - 4 potions of lignification
 e - 3 potions of ambrosia {unknown}
 f - a potion of might {unknown}
 g - 5 potions of heal wounds
 h - 2 potions of mutation {unknown}
 i - 4 potions of brilliance
 j - 2 potions of attraction {unknown}
 k - a potion of resistance {unknown}
 o - 3 potions of curing {unknown}
 r - 2 potions of invisibility {unknown}
 H - a potion of haste {unknown}


   Skills:
 - Level 2.0 Ranged Weapons
 - Level 2.0 Throwing
 - Level 1.0 Armour
 - Level 10.0 Spellcasting
 + Level 14.2 Conjurations
 - Level 2.0 Invocations
 - Level 5.0 Evocations


You had 21 spell levels left.
You knew the following spells:

 Your Spells              Type           Power      Damage    Failure   Level
a - Magic Dart            Conj           100%       1d8       1%          1
o - Orb of Destruction    Conj           28%        9d9       43%         7
z - Searing Ray           Conj           100%       2d8       1%          2

Your spell library contained the following spells:

 Spells                   Type           Power      Damage    Failure   Level
 Conjure Flame            Conj/Fire      34%        6-21      3%          3
 Flame Wave               Conj/Fire      34%        2d10      11%         4
 Fulminant Prism          Conj/Hex       17%        3d11      11%         4
 Ensorcelled Hibernation  Hex/Ice        18%        N/A       30%         2
 Passwall                 Tmut/Erth      7%         N/A       30%         2
 Inner Flame              Hex/Fire       9%         N/A       52%         3
 Summon Guardian Golem    Hex/Summ       9%         N/A       52%         3
 Swiftness                Air            9%         N/A       52%         3
 Cause Fear               Hex            4%         N/A       89%         4
 Leda's Liquefaction      Hex/Erth       4%         N/A       89%         4
 Summon Lightning Spire   Summ/Air       9%         N/A       89%         4
 Lee's Rapid Deconstruct  Erth           4%         3d6*      99%         5
 Statue Form              Tmut/Erth      6%         N/A       100%        6
 Spellforged Servitor     Conj/Summ      17%        N/A       100%        7
 Storm Form               Tmut/Air       4%         N/A       100%        7
 Discord                  Hex            4%         N/A       100%        8
 Maxwell's Capacitive Co  Air            4%         ∞         100%        8


Dungeon Overview and Level Annotations

Branches:
Dungeon (8/15)             Temple (1/1) D:4            Lair (2/5) D:8
  Swamp: Lair:2-3    Shoals: Lair:2-3     Snake: Lair:2-3    Spider: Lair:2-3

Altars:
Ashenzari
Cheibriados
Dithmenos
Elyvilon
Fedhas
Gozag
Kikubaaqudgha
Makhleb
Nemelex Xobeh
Qazlal
Ru
Sif Muna
Trog
Uskayaw
Vehumet
Wu Jian
Xom
Yredelemnul
Zin
The Shining One

Shops:
D:6 [

Annotations:
Lair:2 Fannar


Message History

The roots release their grip on the six-headed hydra.
The six-headed hydra barely misses you. The six-headed hydra bites you!
The six-headed hydra bites you but does no damage.
The six-headed hydra bites you.
The six-headed hydra bites you but does no damage.
The six-headed hydra completely misses you.
The scorpion closely misses you.
You hack one of the six-headed hydra's heads off!
The five-headed hydra grows two more!
You hit the seven-headed hydra.
The seven-headed hydra is almost dead.
You hit the scorpion. You hit the scorpion but do no damage.
You hit the komodo dragon. The seven-headed hydra bites you!
The seven-headed hydra bites you but does no damage.
The seven-headed hydra barely misses you.
The seven-headed hydra bites you!
* * * LOW HITPOINT WARNING * * *
The seven-headed hydra closely misses you.
The seven-headed hydra bites you.
* * * LOW HITPOINT WARNING * * *
The seven-headed hydra bites you but does no damage.
The komodo dragon bites you but does no damage.
The scorpion stings you.
* * * LOW HITPOINT WARNING * * *
The scorpion closely misses you.
Fannar the Cold-Hearted comes into view.
They are wielding a +0 quarterstaff of freezing and wearing a +2 robe of cold resistance.
You hack one of the seven-headed hydra's heads off!
The six-headed hydra grows two more!
You slice the eight-headed hydra!!
You kill the eight-headed hydra!
You hit the komodo dragon. You closely miss the scorpion.
You slash the scorpion!
You kill the scorpion!
The komodo dragon bites you.
* * * LOW HITPOINT WARNING * * *
The scorpion stings you but does no damage.
Your Conjurations skill increases to level 14!
You have reached level 12!
You feel stronger.
You are healed.
The scorpion closely misses you. x2
The komodo dragon bites you!!
You die...

........ ........
#......# #.. ...♣
#...(..####.##..♣♣
##......##....#...♣♣ ♣♣
.+......##.....#...# ...
#..................#....
#......##..........#
##......†.<...P.@...##..
##..)...#......ssl......
.#......#.....#.........
.P.......##.####e.......
........#.#.# .........
............. .........
........................
.........#....#.........
......#.####.###........


You could see Fannar, a komodo dragon and 2 scorpions.

Vanquished Creatures
  A hydra (Lair:2)
  A boulder beetle (Lair:1)
  Harold (Lair:2)
  3 elephants
  Psyche (D:8)
  4 komodo dragons
  A freezing wraith (Lair:2)
  7 polar bears
  3 blink frogs (Lair:1)
  Sigmund (D:3)
  A wyvern (D:7)
  8 yaks (Lair:1)
  A steam dragon (D:6)
  2 basilisks (Lair:1)
  2 wargs (D:8)
  A swamp worm (Lair:2)
  A water moccasin (Lair:2)
  3 orc warriors (D:8)
  A black bear (D:6)
  2 ice beasts (Lair:2)
  2 sky beasts
  A phantom (D:7)
  A kobold brigand (D:6)
  A gnoll sergeant (D:5)
  2 bullfrogs
  5 scorpions
  5 wights (D:8)
  A howler monkey (D:8)
  3 jellies
  4 hounds
  2 gnoll boudas
  3 orc priests
  9 orc wizards
  19 gnolls
  9 adders
  A white imp (Lair:2)
  An ufetubus (D:5)
  A worm (D:2)
  3 dart slugs
  25 orcs
  4 bats
  6 endoplasms
  6 giant cockroaches
  5 goblins
  7 hobgoblins
  3 jackals (D:1)
  2 quokkas (D:1)
  4 ball pythons
  3 frilled lizards
  11 kobolds
  6 rats
  A plant (Lair:2)
201 creatures vanquished.

Vanquished Creatures (others)
  15 fungi
  20 plants
35 creatures vanquished.

Grand Total: 236 creatures vanquished

Notes
Turn   | Place    | Note
-------+----------+-------------------------------------------
     0 | D:1      | Armakuni the Human Wanderer began the quest for the Orb.
     0 | D:1      | Armakuni set off with the following items: a +0 sling, 10
                  | boomerangs, a +0 dagger, a potion of lignification, a +0
                  | robe; and the following spell memorised: Magic Dart; and
                  | the following spells available to memorise: Conjure Flame,
                  | Flame Wave.
     0 | D:1      | Reached XP level 1. HP: 13/13 MP: 2/2
   186 | D:1      | Reached XP level 2. HP: 19/19 MP: 3/3
   668 | D:1      | Reached XP level 3. HP: 24/24 MP: 1/4
  1083 | D:2      | Reached skill level 5 in Conjurations
  1979 | D:2      | Reached XP level 4. HP: 23/30 MP: 0/5
  2592 | D:3      | Noticed Sigmund
  2595 | D:3      | Killed Sigmund
  2596 | D:3      | Reached skill level 7 in Conjurations
  2596 | D:3      | Reached XP level 5. HP: 35/35 MP: 6/6
  2596 | D:3      | Reached XP level 6. HP: 41/41 MP: 7/7
  2612 | D:3      | Identified the +5 ring mail of Porudaeq {Str+2}
  3010 | D:4      | Found a sacrificial altar of Ru.
  3403 | D:4      | Found a staircase to the Ecumenical Temple.
  3409 | Temple   | Entered the Ecumenical Temple
  3556 | Temple   | Became a worshipper of Elyvilon the Healer
  4404 | D:4      | Reached XP level 7. HP: 46/46 MP: 2/8
  4652 | D:5      | Entered Level 5 of the Dungeon
  4653 | D:5      | Reached * piety under Elyvilon
  4715 | D:5      | Reached skill level 8 in Conjurations
  4715 | D:5      | Reached skill level 1 in Evocations
  5144 | D:5      | Reached ** piety under Elyvilon
  5172 | D:5      | Identified 3 scrolls of acquirement
  5172 | D:5      | Acquired the -1 pair of boots of Focus {Drain rN+++ Will+
                  | Str-4}
  5292 | D:5      | Found a sparkling altar of Nemelex Xobeh.
  5339 | D:5      | Reached skill level 1 in Invocations
  5341 | D:5      | Acquired a book of Conjurations
  5346 | D:5      | Learned a level 2 spell: Searing Ray
  5349 | D:5      | Acquired the +3 pair of gauntlets of War {Slay+5}
  5349 | D:5      | Found the +3 pair of gauntlets of War {Slay+5}
  5364 | D:5      | Reached XP level 8. HP: 52/52 MP: 9/9
  5884 | D:6      | Found a shimmering altar of Xom.
  6013 | D:6      | Reached skill level 9 in Conjurations
  6013 | D:6      | Reached skill level 5 in Evocations
  6032 | D:6      | Found Rafeepik's Antique Armour Shop.
  6035 | D:6      | Reached *** piety under Elyvilon
  6858 | D:7      | Reached XP level 9. HP: 47/57 MP: 4/10
  7117 | D:7      | Reached skill level 10 in Conjurations
  7380 | D:7      | Found a glowing golden altar of the Shining One.
  7659 | D:8      | Reached skill level 5 in Spellcasting
  7819 | D:8      | Found a staircase to the Lair.
  8046 | D:8      | Reached **** piety under Elyvilon
  8051 | D:8      | Reached XP level 10. HP: 63/63 MP: 16/20
  8283 | D:8      | Noticed an unseen horror
  8328 | D:8      | Noticed Psyche
  8333 | D:8      | Killed Psyche
  8681 | Lair:1   | Entered Level 1 of the Lair of Beasts
  8911 | Lair:1   | Noticed a komodo dragon
  8913 | Lair:1   | Killed a komodo dragon
  8955 | Lair:1   | Learned a level 7 spell: Orb of Destruction
  9015 | Lair:1   | Noticed a boulder beetle
  9020 | Lair:1   | Elyvilon protects you from harm!
  9024 | Lair:1   | Killed a boulder beetle
  9247 | Lair:1   | Reached skill level 10 in Spellcasting
  9247 | Lair:1   | Reached XP level 11. HP: 52/68 MP: 13/25
  9339 | Lair:1   | Reached skill level 11 in Conjurations
  9559 | Lair:1   | Identified the +4 scale mail "Xemur" {rCorr}
  9874 | Lair:1   | Reached skill level 12 in Conjurations
 10279 | Lair:2   | Noticed an elephant
 10279 | Lair:2   | Noticed an elephant
 10279 | Lair:2   | Noticed an elephant
 10285 | Lair:1   | Killed an elephant
 10339 | Lair:2   | Noticed Harold
 10356 | Lair:2   | Killed Harold
 10372 | Lair:2   | Reached skill level 13 in Conjurations
 10585 | Lair:2   | Killed an elephant
 10596 | Lair:2   | Killed an elephant
 11077 | Lair:2   | Identified the +6 war axe of Fortitude {speed, Dex+6}
 11116 | Lair:2   | Noticed a four-headed hydra
 11128 | Lair:2   | Noticed Fannar
 11129 | Lair:2   | Killed an eight-headed hydra
 11130 | Lair:2   | Reached skill level 14 in Conjurations
 11130 | Lair:2   | Reached XP level 12. HP: 4/74 MP: 16/26
 11130 | Lair:2   | Slain by a komodo dragon

Illustrated notes

Levels and vault maps discovered:
D:1:      lightli_arrival_isolated_outpost, layout_basic, minmay_pentomino_t4
D:2:      layout_loops_cross, minivault_5, kennysheep_generic_room_7
D:3:      layout_rooms, uniq_sigmund
D:4:      layout_layer_cave, mainiacjoe_overflow_alcove_2,
          minmay_temple_entry_fiery, dreamdust_princess_corridor,
          serial_bayou_lagoon_a, kennysheep_nub
D:5:      layout_cave_pools, mainiacjoe_overflow_surrounded_room,
          pf_guarded_unrand_woodcutter
D:6:      layout_basic, mainiacjoe_overflow_24_doors, serial_shops, shop
D:7:      layout_loops_cross, nicolae_tso_swordbearing_angel, minivault_23
D:8:      layout_loops_cross, erik_lair_orcish_takeover, serial_glass,
          glass_columns_b, glass_columns_c, glass_columns_c, glass_columns_a,
          glass_columns_b, unseen_surprise_small, uniq_psyche
Temple:   regret_index_temple_sphere_string
Lair:1:   layout_loops_ring
Lair:2:   layout_regular_city, palyth_hydra_swamp_entry,
          nicolae_spider_entry_non_spiders, ice2_lemuel, lemuel_fruit_tree,
          uniq_harold, uniq_fannar

Skill      XL: |  1  2  3  4  5  6  7  8  9 10 11 |
---------------+----------------------------------+-----
Conjurations   | 5 7 8 9 10 14 | 14.2
Evocations     | 3 5 |  5.0
Invocations    | 2 |  2.0
Spellcasting   | 6 10 | 10.0
Ranged Weapons | |  2.0
Throwing       | |  2.0
Armour         | |  1.0

Action                   |  1- 3 |  4- 6 |  7- 9 | 10-12 || total
-------------------------+-------+-------+-------+-------++-------
Melee: Battleaxe         |       |       |    64 |    26 ||    90
       War axe           |       |       |       |     7 ||     7
 Fire: Sling             |    89 |    72 |     5 |       ||   166
 Cast: Magic Dart        |    27 |    44 |    38 |       ||   109
       Searing Ray       |       |       |    30 |    44 ||    74
Invok: Heal Self         |       |       |       |     7 ||     7
       Purification      |       |       |       |     1 ||     1
Evoke: Wand              |       |     7 |     4 |    19 ||    30
  Use: Scroll            |       |     5 |    10 |     3 ||    18
Armor: Robe              |     5 |     6 |       |       ||    11
       Ring mail         |       |     9 |    43 |   113 ||   165
Dodge: Dodged            |    24 |    27 |    39 |    81 ||   171

Table legend: (Time is in decaauts)
 A = Elapsed time spent in this place.
 B = Non-inter-level travel time spent in this place.
 C = Inter-level travel time spent in this place.
 D = Time resting spent in this place.
 E = Time spent auto-exploring this place.
 F = Levels seen in this place.
 G = Mean time per level.
                   A        B        C        D        E       F      G
               +--------+--------+--------+--------+--------+-----+--------+
         Total |  11200 |  10813 |    387 |   1790 |   7189 |  11 | 1018.2 |
       Dungeon |   8589 |   8374 |    215 |   1150 |   5821 |   8 | 1073.6 |
        Temple |    163 |    148 |     15 |      0 |    122 |   1 |  163.0 |
          Lair |   2447 |   2290 |    157 |    640 |   1246 |   2 | 1223.5 |
               +--------+--------+--------+--------+--------+-----+--------+

Top non-repeatable levels by time:
     D:4: 1739 daAuts
  Lair:1: 1644 daAuts
     D:8: 1268 daAuts
     D:1: 1099 daAuts
     D:6: 1057 daAuts
     D:2: 961 daAuts
     D:5: 863 daAuts
     D:7: 842 daAuts
  Lair:2: 803 daAuts
     D:3: 755 daAuts
  Temple: 163 daAuts
